[Event "ICC Open 2015"]
[Site "Internet Chess Club"]
[Date "2015.05.30"]
[Round "7"]
[White "guibiazotto"]
[Black "Piranha"]
[Result "1-0"]
[ICCResult "Black checkmated"]
[WhiteElo "1698"]
[BlackElo "1688"]
[Opening "Sicilian defense"]
[ECO "B20"]
[NIC "SI.48"]
[Time "20:04:55"]
[TimeControl "180+0"]

1. e4 c5 2. d3 Nc6 3. g3 d6 4. Bg2 e5 5. Nd2 Be6 6. b3 Qd7 7. Bb2 O-O-O 8.
Ngf3 f6 9. O-O g5 10. Rc1 h5 11. h3 g4 12. hxg4 hxg4 13. Nh2 Qh7 14. Ndf3
gxf3 15. Nxf3 Bg4 16. Re1 Bh6 17. Ra1 Nge7 18. a4 Kb8 19. Qb1 f5 20. exf5
Nxf5 21. Bc3 Nfd4 22. Bxd4 Nxd4 23. Nxd4 cxd4 24. f3 Be3+ 25. Kf1 Bxf3 26.
Bxf3 Rdf8 27. Rxe3 dxe3 28. Ke2 Rxf3 29. Kxf3 Qh6 30. Ke2 Rf8 31. Qg1 Rf2+
32. Ke1 Qh5 33. g4 Qh4 34. Kd1 Rh2 35. Qxe3 Rh1+ 36. Kd2 Rxa1 37. Qf3 Qg5+
38. Kc3 Qf4 39. Qh3 Qd4+ 40. Kd2 a6 41. Qh8+ Ka7 42. Qh7 Qf4+ 43. Kc3 Qd4+
44. Kd2 Rf1 45. Qh6 Rf2+ 46. Kd1 Qe3 47. Qxe3+ Kb8 48. Qxf2 Kc7 49. g5 Kc6
50. g6 Kd5 51. g7 Ke6 52. g8=Q+ Kd7 53. Qff7+ Kc6 54. Qd5+ Kb6 55. Qd8+ Ka7
56. Qc8 e4 57. Qdxb7# {Black checkmated} 1-0

[Event "ICC Open 2015"]
[Site "Internet Chess Club"]
[Date "2015.05.30"]
[Round "7"]
[White "hotmooses"]
[Black "brizito"]
[Result "0-1"]
[ICCResult "White forfeits on time"]
[WhiteElo "1913"]
[BlackElo "1737"]
[Opening "Queen's pawn, Mason variation"]
[ECO "D00"]
[NIC "QP.08"]
[Time "20:04:38"]
[TimeControl "180+0"]

1. d4 d5 2. Bf4 Nf6 3. e3 e6 4. Nf3 Nh5 5. Bg5 Nf6 6. Nbd2 Nc6 7. Bd3 Bd6 8.
c3 O-O 9. e4 dxe4 10. Nxe4 Be7 11. Bxf6 Bxf6 12. Qe2 Be7 13. O-O-O a5 14. h4
a4 15. a3 b6 16. Neg5 g6 17. h5 Bxg5+ 18. Kb1 Bd7 19. hxg6 hxg6 20. Rh2 Bf6
21. Rdh1 Bg7 22. Rh7 Qf6 23. Qe3 Ra5 24. g4 e5 25. g5 Qd6 26. Qe4 Re8 27.
Qh4 f5 28. Rxg7+ Kxg7 29. Qh6+ Kf7 30. Qh7+ Kf8 31. Bc4 Be6 32. Qh8+ Ke7 33.
Qf6+ Kd7 34. dxe5 Nxe5 35. Rh7+ Kc8 36. Bxe6+ Qxe6 37. Qg7 Qc4 38. Nd4 Rd5
39. Rh8 Red8 40. Rxd8+ Rxd8 41. Qf6 Qd5 42. Qe7 Qd7 43. Qb4 Kb7 44. Nb5 Qc6
45. Qxa4 Kc8 46. Qa7 Kd7 {White forfeits on time} 0-1

[Event "ICC Open 2015"]
[Site "Internet Chess Club"]
[Date "2015.05.30"]
[Round "7"]
[White "Blondicheck"]
[Black "pierredams"]
[Result "0-1"]
[ICCResult "White forfeits on time"]
[WhiteElo "1587"]
[BlackElo "1949"]
[Opening "Caro-Kann defense"]
[ECO "B15"]
[NIC "CK.05"]
[Time "20:05:03"]
[TimeControl "180+0"]

1. e4 c6 2. d4 d5 3. Nc3 dxe4 4. Nxe4 h6 5. Nh3 Bxh3 6. gxh3 Nd7 7. Rg1 Ngf6
8. f3 e6 9. Bf4 Qa5+ 10. Qd2 Qd5 11. c4 Nxe4 12. cxd5 Nxd2 13. Bxd2 exd5 14.
O-O-O O-O-O 15. Ba5 b6 16. Bd2 Kb7 17. Bf4 g5 18. Bg3 Bg7 19. a4 f5 20. f4
Rhe8 21. fxg5 hxg5 22. h4 g4 23. Bd3 Bh6+ 24. Kc2 f4 25. Be1 Nf6 26. Bd2 Ne4
27. Bxe4 dxe4 28. Rxg4 e3 29. Be1 e2 30. Rd3 Rf8 31. Rf3 Rxd4 32. Bc3 Re4
33. Be1 Rf7 34. h3 Bf8 35. h5 Rf5 36. b3 Bh6 37. Kd3 Re6 38. Rg6 Rd5+ 39.
Kc2 Rxg6 40. hxg6 Rd1 41. Bd2 e1=Q 42. Bxe1 Rxe1 43. Kd2 Rh1 44. Kd3 Kc7 45.
Ke4 Kd6 46. Rxf4 Bxf4 47. g7 Rg1 48. Kxf4 Rxg7 49. Kf5 Kd5 50. h4 Rh7 51.
Kg5 Kd4 52. h5 Kc3 53. Kg6 Rh8 54. h6 Kxb3 55. Kg7 Rd8 56. h7 Kxa4 57. h8=Q
Rxh8 58. Kxh8 c5 59. Kg7 c4 60. Kf6 c3 61. Ke7 c2 62. Kd6 c1=Q
{White forfeits on time}
0-1

[Event "ICC Open 2015"]
[Site "Internet Chess Club"]
[Date "2015.05.30"]
[Round "7"]
[White "Asmodeus"]
[Black "MadMad"]
[Result "1-0"]
[ICCResult "Black forfeits on time"]
[WhiteElo "1909"]
[BlackElo "1514"]
[Opening "Sicilian: Alapin's variation (2.c3)"]
[ECO "B22"]
[NIC "SI.46"]
[Time "20:05:27"]
[TimeControl "180+0"]

1. e4 c5 2. c3 g6 3. d4 cxd4 4. cxd4 d5 5. exd5 Bg7 6. Nf3 Nf6 7. Be2 O-O 8.
O-O Nxd5 9. Nc3 Nc6 10. Nxd5 Qxd5 11. Be3 Bg4 12. h3 Bxf3 13. Bxf3 Qd7 14.
d5 Ne5 15. Be2 Rfd8 16. Rc1 Qxd5 17. Qxd5 Rxd5 18. Rc7 Rd7 19. Rfc1 b6 20.
f4 Rxc7 21. Rxc7 e6 22. fxe5 Bxe5 23. Rd7 Bxb2 24. Bh6 Bg7 25. Bxg7 Kxg7 26.
Bf3 Rb8 27. Rxa7 b5 28. Kf2 b4 29. Ra4 h5 30. Bd1 f5 31. Bb3 Rb6 32. Ra7+
Kf6 33. h4 Rd6 34. Rb7 Rd2+ 35. Kf3 Rd3+ 36. Ke2 Rg3 37. Kf2 Rg4 38. g3 Rd4
39. Rb6 Re4 40. Kf3 Re1 41. Rxb4 Rf1+ 42. Kg2 Re1 43. Rb6 Re2+ 44. Kf3 Re5
45. a4 Re1 46. a5 {Black forfeits on time} 1-0

[Event "ICC Open 2015"]
[Site "Internet Chess Club"]
[Date "2015.05.30"]
[Round "7"]
[White "SirHarmony"]
[Black "nihil95"]
[Result "0-1"]
[ICCResult "White forfeits on time"]
[WhiteElo "1534"]
[BlackElo "1824"]
[Opening "Robatsch defense: two knights, Suttles variation"]
[ECO "B07"]
[NIC "VO.17"]
[Time "20:05:07"]
[TimeControl "180+0"]

1. e4 d6 2. d4 c6 3. Nc3 g6 4. Nf3 Bg7 5. Be3 Nd7 6. Bc4 Ngf6 7. Bxf7+ Kxf7
8. Ng5+ Ke8 9. Ne6 Qb6 10. Qd2 Bf8 11. O-O c5 12. dxc5 dxc5 13. Nxf8 Rxf8
14. Bh6 Rf7 15. Rad1 Ne5 16. Nd5 Nxd5 17. exd5 Qd6 18. f4 Ng4 19. Bg5 Nf6
20. c4 Bf5 21. Qa5 b6 22. Qb5+ Kf8 23. Bh6+ Kg8 24. Qc6 Rd8 25. Rfe1 Ne4 26.
Qxd6 Nxd6 27. Bg5 Rd7 28. h3 a6 29. g4 Bc2 30. Rd2 Be4 31. Rde2 b5 32. b3
bxc4 33. bxc4 Bd3 34. Rxe7 Rdxe7 35. Rxe7 Rxe7 36. Kf2 Re2+ 37. Kf3 Rxa2 38.
f5 Bxc4 39. fxg6 Bxd5+ 40. Kf4 hxg6 41. Ke5 Nc4+ 42. Kf6 Rf2+ 43. Kxg6 Ne3
44. h4 Re2 45. h5 c4 46. h6 Nf5 47. h7+ Kh8 48. gxf5 Re7 49. Bf6+ Rg7+
{White forfeits on time}
0-1

[Event "ICC Open 2015"]
[Site "Internet Chess Club"]
[Date "2015.05.30"]
[Round "7"]
[White "capperuccio"]
[Black "alric"]
[Result "0-1"]
[ICCResult "White forfeits on time"]
[WhiteElo "1784"]
[BlackElo "2006"]
[Opening "Queen's pawn: Lundin (Kevitz-Mikenas) defense"]
[ECO "A40"]
[NIC "QO.17"]
[Time "20:04:48"]
[TimeControl "180+0"]

1. d4 Nc6 2. Nf3 e6 3. c4 d5 4. e3 Nf6 5. Nc3 Bb4 6. Bd3 O-O 7. O-O a6 8.
Qe2 dxc4 9. Bxc4 b5 10. Bd3 Bb7 11. Rd1 Qe7 12. e4 e5 13. d5 Na5 14. a3 Bxc3
15. bxc3 c5 16. Bg5 h6 17. Bh4 Rfd8 18. Bg3 Nd7 19. Bc2 Nc4 20. Nh4 g6 21.
Nf3 Kg7 22. a4 f6 23. Bd3 Ndb6 24. a5 Nc8 25. Bxc4 bxc4 26. Qxc4 Qc7 27. Qe2
Nd6 28. c4 Rdb8 29. Rdb1 Bc8 30. h3 Bd7 31. Nh4 Rxb1+ 32. Rxb1 Qxa5 33. Qb2
Ra7 34. Qb8 Qc7 35. Qxc7 Rxc7 36. Rb6 Nxe4 37. Rxa6 Nd2 38. d6 Rc6 39. Rxc6
Bxc6 40. f3 Nxc4 41. f4 e4 42. Be1 Nxd6 43. g4 c4 44. Ng2 c3 45. Ne3 Bb5 46.
Bxc3 Bd3 47. g5 hxg5 48. fxg5 Kf7 49. Bxf6 Ke6 50. Bc3 Nf5 51. Ng4 e3 52.
Be1 e2 53. Nf2 Bc2 54. Ng4 Nh4 55. Nf2 Nf3+ 56. Kg2 Nxe1+ 57. Kg3 Nd3 58.
Nxd3 Bxd3 59. Kf2 Kf5 60. Ke1 Bc4 61. Kd2 Kxg5 {White forfeits on time} 0-1

[Event "ICC Open 2015"]
[Site "Internet Chess Club"]
[Date "2015.05.30"]
[Round "7"]
[White "Poporovitch"]
[Black "leonardoalmeida"]
[Result "0-1"]
[ICCResult "White forfeits on time"]
[WhiteElo "2008"]
[BlackElo "1921"]
[Opening "Scandinavian (center counter) defense"]
[ECO "B01"]
[NIC "SD.01"]
[Time "20:05:22"]
[TimeControl "180+0"]

1. e4 d5 2. exd5 Qxd5 3. Nc3 Qa5 4. g3 c6 5. Bg2 Nf6 6. Nf3 Bf5 7. O-O e6 8.
a3 Nbd7 9. Rb1 Be7 10. b4 Qc7 11. b5 O-O 12. Nd4 Bc5 13. Nxf5 exf5 14. bxc6
bxc6 15. d4 Bd6 16. Ne2 Rad8 17. Qd3 g6 18. a4 c5 19. c3 c4 20. Qc2 Rfe8 21.
Bg5 Rb8 22. Nf4 Ne4 23. Rxb8 Qxb8 24. h4 Nxg5 25. hxg5 Bxf4 26. gxf4 Qxf4
27. Qc1 Qg4 28. f3 Qg3 29. Qd2 Nb6 30. a5 Nd5 31. f4 Ne3 32. Rf3 Qxg2+ 33.
Qxg2 Nxg2 34. Kxg2 Re2+ 35. Rf2 Re3 36. Rf3 Re2+ 37. Rf2 Re1 38. Kf3 Rc1 39.
Rd2 Kf8 40. Ke2 Rxc3 41. d5 Ke7 42. d6+ Kd7 43. Rd4 Rc2+ 44. Ke3 c3 45. a6
Rc1 46. Rc4 Kxd6 47. Kd4 c2 48. Kd3 Ra1 49. Rxc2 Rxa6 50. Rc4 Ra3+ 51. Kd4
Rf3 {White forfeits on time} 0-1

[Event "ICC Open 2015"]
[Site "Internet Chess Club"]
[Date "2015.05.30"]
[Round "7"]
[White "saya"]
[Black "Pikaso"]
[Result "1-0"]
[ICCResult "Black forfeits on time"]
[WhiteElo "2628"]
[BlackElo "2849"]
[Opening "Pirc: classical system, 5.Be2"]
[ECO "B07"]
[NIC "PU.03"]
[Time "20:04:58"]
[TimeControl "180+0"]

1. d4 d6 2. e4 g6 3. Nf3 Bg7 4. Be2 Nf6 5. Nc3 O-O 6. O-O c5 7. d5 Na6 8.
Re1 Nc7 9. a4 b6 10. Bf4 a6 11. h3 Bb7 12. Bc4 Rb8 13. Qd3 Qc8 14. Bh2 Rd8
15. Rad1 Ba8 16. Qe2 Qb7 17. e5 Nfe8 18. Ne4 b5 19. axb5 axb5 20. exd6 exd6
21. Ba2 Qc8 22. c4 bxc4 23. Bxc4 Rxb2 24. Rd2 Rxd2 25. Qxd2 Qd7 26. Ra1 Nf6
27. Nxf6+ Bxf6 28. Ra7 Qc8 29. Bg3 Qb8 30. Qa2 Bxd5 31. Bxd5 Nxd5 32. Kh2 c4
33. Ra5 Nb6 34. Rb5 Qc7 35. Qa5 Rb8 36. Qb4 Be7 37. Nd4 c3 38. Qb3 Bf6 39.
Nc2 Qc6 40. Ne3 Kg7 41. h4 h5 42. Rb4 Nd7 43. Rxb8 Nxb8 44. Qxb8 d5 45. Qb3
d4 46. Nc4 d3 47. Ne5 Qe6 48. Qxc3 d2 49. Qxd2 Bxe5 50. f4 Bf6 51. Qd3 Qf5
52. Qf3 Qg4 53. Qf2 Be7 54. Qe1 Bf6 55. Qf2 Qf5 56. Qe3 Qg4 57. Qf2 Qf5 58.
Kg1 Qg4 59. Qe1 Qf5 60. Kh1 Qg4 61. Bf2 Qf5 62. g3 Qg4 63. Kg1 Qf5 64. Qe2
Qg4 65. Qxg4 hxg4 66. Kf1 Be7 67. Ke2 f6 68. Bd4 Kf7 69. Ke3 f5 70. Kd3 Bf6
71. Be3 {Black forfeits on time} 1-0

[Event "ICC Open 2015"]
[Site "Internet Chess Club"]
[Date "2015.05.30"]
[Round "7"]
[White "bigali"]
[Black "jewels2"]
[Result "0-1"]
[ICCResult "White forfeits on time"]
[WhiteElo "1598"]
[BlackElo "1344"]
[Opening "Two knights defense"]
[ECO "C59"]
[NIC "KP.01"]
[Time "20:05:05"]
[TimeControl "180+0"]

1. e4 e5 2. Nf3 Nc6 3. Bc4 Nf6 4. Ng5 d5 5. exd5 Na5 6. Bb5+ c6 7. dxc6 bxc6
8. Be2 h6 9. Nf3 e4 10. Ng1 Bc5 11. Nc3 Qd4 12. Nh3 Bxh3 13. O-O Be6 14. d3
O-O-O 15. Be3 Qd6 16. Nxe4 Nxe4 17. dxe4 Qe5 18. Qc1 Bd6 19. g3 Qxe4 20. f3
Qg6 21. Rf2 Bc7 22. Bxa7 Nc4 23. b3 Nb6 24. Qa3 Kd7 25. Rd1+ Ke8 26. Qc5 Nd7
27. Qxc6 Qf5 28. Qxc7 Ke7 29. Bc5+ Ke8 30. Bc4 Qxc5 31. Rxd7 Qxc7 32. Rxc7
Rd1+ 33. Kg2 Bxc4 34. bxc4 Kd8 35. Rxf7 Rd7 36. Rf4 Re7 37. Rd2+ Ke8 38.
Rfd4 Rf8 39. Rd8+ Kf7 40. R2d5 Kg8 {White forfeits on time} 0-1

[Event "ICC Open 2015"]
[Site "Internet Chess Club"]
[Date "2015.05.30"]
[Round "7"]
[White "ro9991"]
[Black "jps7"]
[Result "1-0"]
[ICCResult "Black checkmated"]
[WhiteElo "1963"]
[BlackElo "1642"]
[Opening "QGD: exchange, positional line"]
[ECO "D35"]
[NIC "QO.16"]
[Time "20:05:13"]
[TimeControl "180+0"]

1. d4 d5 2. c4 e6 3. Nc3 Nf6 4. cxd5 exd5 5. Bg5 Be7 6. e3 c6 7. Bd3 O-O 8.
Qc2 h6 9. Bf4 Nbd7 10. h3 Nb6 11. Nf3 Be6 12. O-O Nc4 13. b3 Nb6 14. a3 Qd7
15. Ne5 Qd8 16. b4 Nc4 17. Nxc4 dxc4 18. Be2 b5 19. Rfd1 Qc8 20. e4 g5 21.
Be5 Nd7 22. Bg3 Bf6 23. d5 Bxc3 24. Qxc3 cxd5 25. exd5 Bf5 26. Qe3 Nf6 27.
Qd4 Ne4 28. Bh2 Bg6 29. f3 Re8 30. fxe4 Rxe4 31. Qf2 Qe8 32. Bf3 Re3 33. Re1
Rxe1+ 34. Rxe1 Qd7 35. d6 Re8 36. Rxe8+ Qxe8 37. Bg3 Qd7 38. Qd4 f5 39. Bc6
Qe6 40. Bd5 Bf7 41. Bxe6 Bxe6 42. d7 Bxd7 43. Qxd7 f4 44. Bf2 c3 45. Bd4 Kf8
46. Bf6 c2 47. Qe7+ Kg8 48. Qg7# {Black checkmated} 1-0

[Event "ICC Open 2015"]
[Site "Internet Chess Club"]
[Date "2015.05.30"]
[Round "7"]
[White "Cinzento"]
[Black "Mighty-Penguin"]
[Result "0-1"]
[ICCResult "White forfeits on time"]
[WhiteElo "1814"]
[BlackElo "2033"]
[Opening "Evans gambit: Cordel variation"]
[ECO "C51"]
[NIC "IG.05"]
[Time "20:05:08"]
[TimeControl "180+0"]

1. e4 e5 2. Nf3 Nc6 3. Bc4 Bc5 4. b4 Bxb4 5. c3 Be7 6. d4 Na5 7. Bd3 d5 8.
Nxe5 dxe4 9. Bxe4 Nf6 10. Bf3 O-O 11. O-O c6 12. Re1 Be6 13. Bg5 Nc4 14.
Nxc4 Bxc4 15. Nd2 Bd5 16. c4 Be6 17. Be3 Bf5 18. h3 Qd7 19. Qb3 a5 20. a4
Bb4 21. Red1 Rfe8 22. Nf1 Ne4 23. Ng3 Nxg3 24. fxg3 Rad8 25. Bf2 h6 26. Rac1
Qe6 27. g4 Be4 28. d5 cxd5 29. cxd5 Qg6 30. Bxe4 Qxe4 31. Rd4 Qe5 32. Rcd1
Bc5 33. R4d2 Bb4 34. Rd3 Qd6 35. Qc4 Rc8 36. Qd4 Bc5 37. Qb2 Bb4 38. Bg3 Qd7
39. Kh2 Rcd8 40. Qf2 Bd6 41. Rf1 Bxg3+ 42. Qxg3 Re7 43. Qf2 f6 44. Qf3 Re5
{White forfeits on time}
0-1

[Event "ICC Open 2015"]
[Site "Internet Chess Club"]
[Date "2015.05.30"]
[Round "7"]
[White "Neurisdr"]
[Black "FZI88"]
[Result "1/2-1/2"]
[ICCResult "White ran out of time and Black has no material to mate"]
[WhiteElo "2831"]
[BlackElo "2246"]
[Opening "French: Tarrasch, open variation"]
[ECO "C07"]
[NIC "FR.18"]
[Time "20:04:54"]
[TimeControl "180+0"]

1. e4 e6 2. d4 d5 3. Nd2 c5 4. Ngf3 a6 5. exd5 exd5 6. dxc5 Bxc5 7. Nb3 Ba7
8. Qe2+ Qe7 9. Bg5 f6 10. Bf4 Nc6 11. Qxe7+ Ngxe7 12. c3 Bg4 13. Be2 O-O 14.
h3 Bh5 15. Nfd4 Bxe2 16. Nxe2 Rfe8 17. Rd1 Ng6 18. Bg3 Rad8 19. Kf1 Nce5 20.
Nbd4 Nc4 21. b3 Nd6 22. f3 Ne5 23. Bf2 Rc8 24. h4 b5 25. Rh3 a5 26. g4 b4
27. cxb4 axb4 28. Nf5 Nxf5 29. Bxa7 Ne7 30. Nd4 Rc3 31. Nb5 Rc2 32. Rg3 Rxa2
33. f4 N5c6 34. Bg1 h5 35. gxh5 Nf5 36. Rgd3 Re4 37. R3d2 Rxf4+ 38. Kg2
Rxd2+ 39. Rxd2 d4 40. Nc7 Rg4+ 41. Kf1 Nxh4 42. Bf2 Nf3 43. Rd3 Nfe5 44. Rd1
d3 45. Ne6 Re4 46. Nc5 Rf4 47. Nxd3 Nxd3 48. Rxd3 Ne5 49. Rd4 Rxd4 50. Bxd4
Nd3 51. Ke2 Nf4+ 52. Kd2 Nxh5 53. Bc5 Nf4 54. Bxb4 Nd5 55. Bd6 Kf7 56. b4
Ke6 57. Bc5 g5 58. Kd3 f5 59. b5 g4 60. b6 f4 61. b7 f3 62. b8=Q f2 63. Qd6+
Kf5 64. Qxd5+ Kg6 65. Qe4+ Kf7 66. Bxf2 g3 67. Qf4+ Ke7 68. Qxg3 Kd7 69. Qe3
Kc6 70. Qd4 Kb5 71. Qc5+ Ka4
{White ran out of time and Black has no material to mate}
1/2-1/2

[Event "ICC Open 2015"]
[Site "Internet Chess Club"]
[Date "2015.05.30"]
[Round "7"]
[White "LMLLM"]
[Black "haimw"]
[Result "1-0"]
[ICCResult "Black forfeits on time"]
[WhiteElo "2338"]
[BlackElo "1889"]
[Opening "Pirc defense"]
[ECO "B07"]
[NIC "PU.07"]
[Time "20:05:13"]
[TimeControl "180+0"]

1. d4 Nf6 2. Nc3 g6 3. e4 d6 4. Be3 Bg7 5. Qd2 O-O 6. Bh6 c5 7. Bxg7 Kxg7 8.
Nf3 cxd4 9. Nxd4 Nc6 10. Be2 a6 11. O-O Bd7 12. Rad1 Qc7 13. Rfe1 Nxd4 14.
Qxd4 Bc6 15. Bc4 b5 16. Bd5 Rac8 17. Bxc6 Qxc6 18. Nd5 e5 19. Qd2 Nxd5 20.
Qxd5 Qxc2 21. Qxd6 Qxb2 22. Qxa6 Rc2 23. Rb1 Qxa2 24. Qxa2 Rxa2 25. Rxb5 f6
26. h4 Rf7 27. Rd1 Ra6 28. f3 Rc7 29. Kh2 Kh6 30. Kh3 Kg7 31. Rd8 Ra2 32.
Rbd5 Raa7 33. h5 gxh5 34. Kh4 Kh6 35. R5d6 Rf7 36. Re8 Kg7 37. Kxh5 Ra2 38.
Rdd8 f5 39. exf5 Rxf5+ 40. Kg4 Rf4+ 41. Kh3 Ra5 42. Rd7+ Kg6 43. Rg8+ Kf6
44. Rxh7 e4 45. Rf8+ Kg6 46. Rxf4 Kxh7 47. Rxe4 Kg6 48. Rh4 Kg5 49. Rg4+ Kf5
50. Rb4 Ra7 51. Kg3 Rg7+ 52. Kf2 Ra7 53. g4+ Kg5 54. Kg3 Ra3 55. Rb5+ Kg6
56. Kf4 Kf6 57. Rb6+ Kf7 58. g5 Ra4+ 59. Kf5 {Black forfeits on time} 1-0

[Event "ICC Open 2015"]
[Site "Internet Chess Club"]
[Date "2015.05.30"]
[Round "7"]
[White "h13"]
[Black "Gambit101"]
[Result "1-0"]
[ICCResult "Black forfeits on time"]
[WhiteElo "2583"]
[BlackElo "2982"]
[Opening "Queen's pawn game, Darooha variation "]
[ECO "D02"]
[NIC "QP.06"]
[Time "20:04:57"]
[TimeControl "180+0"]

1. d4 Nf6 2. Nf3 d5 3. c4 e6 4. g3 Bb4+ 5. Bd2 Be7 6. Bg2 O-O 7. O-O c6 8.
Qc2 Nbd7 9. Rd1 b6 10. b3 Bb7 11. a4 a5 12. Nc3 Rc8 13. e4 Nb8 14. Ne5 Na6
15. exd5 cxd5 16. Rac1 Nb4 17. Qb1 Ba8 18. Nb5 Nd7 19. Bxb4 Bxb4 20. cxd5
Rxc1 21. Rxc1 exd5 22. Qf5 Nxe5 23. Qxe5 Re8 24. Qf4 h6 25. Bf3 Bb7 26. Rc7
Re1+ 27. Kg2 Re7 28. Rxe7 Qxe7 29. Qb8+ Kh7 30. Nc7 Bc6 31. Qxb6 Qf6 32.
Nxd5 Bxd5 33. Qxf6 gxf6 34. Bxd5 Bc3 35. Bxf7 Bxd4 36. f4 Bc5 37. Kf3 Bb4
38. Ke4 Kg7 39. Be6 Be1 40. Kd5 Bb4 41. Kc4 Be1 42. Kb5 Bb4 43. Kc6 Kf8 44.
Kd5 Kg7 45. Ke4 Be1 46. Kf5 Bb4 47. g4 Ba3 48. h4 Bb4 49. g5 fxg5 50. hxg5
hxg5 51. Kxg5 Be1 52. Kf5 Bc3 53. Bd5 Bb4 54. Bc4 Bc3 55. Bd3 Bb4 56. Be2
Bc3 57. Bf1 Bb4 58. Bg2 Bc3 59. Bh3 Bb4 60. Bg4 Bc3 61. Ke4 Bb4 62. Bf3 Be1
63. f5 Bb4 64. Kd3 Kf6 65. Be4 Kg5 66. Kc4 Kf6 67. Bd3 Be1 68. Bc2 Bb4 69.
Kb5 Be1 70. Kc6 Bb4 71. Kd5 Be1 72. Kd4 Bb4 73. Ke3 Ba3 74. Bd3 Bb4 75. Be4
Ba3 76. Kf3 Bb4 77. Kg4 Ba3 78. Bd5 Bb4 79. Be6 Ba3 80. Kf3 Bb4 81. Ke3 Ba3
82. Kd4 Bb4 83. Kc4 Ba3 84. b4 Bxb4 85. Kb3 Be1 86. Kc2 Bb4 87. Kd3 Bd6 88.
Ke3 Be7 89. Ke2 Bc5 90. Kd3 Bb4 91. Kc4 Be7 92. Kb5 Bd8 93. Ka6 Ke7 94. Kb7
Kf6 95. Kc6 Be7 96. Kc7 Bb4 97. Kb6 Bc3 98. Kb5 Bd2 99. Kc5 Be1 100. Kd4 Bb4
101. Bd5 Bd2 102. Be4 Bb4 103. Bd3 Be1 104. Kc4 Bb4 105. Kb5 Ba3 106. Kxa5
Bb2 107. Kb5 Bc1 108. Bc2 {Black forfeits on time} 1-0

[Event "ICC Open 2015"]
[Site "Internet Chess Club"]
[Date "2015.05.30"]
[Round "7"]
[White "LastKeks"]
[Black "Bagelhead"]
[Result "1-0"]
[ICCResult "Black forfeits on time"]
[WhiteElo "3071"]
[BlackElo "2368"]
[Opening "Scotch: Mieses variation"]
[ECO "C45"]
[NIC "SO.04"]
[Time "20:05:04"]
[TimeControl "180+0"]

1. e4 e5 2. Nf3 Nc6 3. d4 exd4 4. Nxd4 Nf6 5. Nxc6 bxc6 6. e5 Qe7 7. Qe2 Nd5
8. c4 Ba6 9. g3 g6 10. b3 Bg7 11. Bb2 O-O 12. Bg2 Rae8 13. O-O Bxe5 14. Qxe5
Qxe5 15. Bxe5 Rxe5 16. cxd5 Bxf1 17. Kxf1 cxd5 18. Nc3 c6 19. Rd1 Rfe8 20.
Bf3 f5 21. h4 Kg7 22. Ne2 Rb8 23. Nf4 Kf6 24. Nd3 Re7 25. Rc1 Ke6 26. Ke2
Kd6+ 27. Kd2 Rb5 28. Rc2 a5 29. Rc1 Re8 30. Rh1 Ra8 31. h5 g5 32. h6 a4 33.
b4 Rg8 34. a3 Rg6 35. Kc3 Rb8 36. Nc5 Re8 37. Nxa4 Ree6 38. Nc5 Ref6 39. a4
Rxh6 40. Ra1 Rh2 41. Ra2 Kc7 42. a5 d6 43. Nb3 g4 44. Bd1 f4 45. a6 fxg3 46.
a7 Rf8 47. Bxg4 g2 48. Nd4 Ra8 49. Nf3 Rh1 50. b5 cxb5 51. Be6 g1=Q 52. Nxg1
Rxg1 53. Bxd5 Rc1+ 54. Kd2 Rc6 55. Kd3 Kb6 56. Kd4 Rcc8 57. Bxa8 Rxa8 58.
Kd5 Rxa7 59. Rc2 Ra4 60. Rc6+ Ka5 61. Rxd6 Rf4 62. Rd7 Rxf2 63. Ra7+ Kb4 64.
Rxh7 Rd2+ 65. Kc6 Rc2+ 66. Kb6 Rc4 67. Rh5 Kb3 68. Rc5 Kc3 69. Rxb5
{Black forfeits on time}
1-0

[Event "ICC Open 2015"]
[Site "Internet Chess Club"]
[Date "2015.05.30"]
[Round "7"]
[White "JCarllsen"]
[Black "VoltesV"]
[Result "1/2-1/2"]
[ICCResult "Game drawn because neither player has mating material"]
[WhiteElo "1883"]
[BlackElo "1578"]
[Opening "Pirc defense"]
[ECO "B07"]
[NIC "PU.08"]
[Time "20:05:33"]
[TimeControl "180+0"]

1. e4 d6 2. d4 Nf6 3. Nc3 c5 4. d5 a6 5. a4 e6 6. h3 exd5 7. exd5 Be7 8. Nf3
O-O 9. Be2 Re8 10. O-O Bf5 11. Bf4 Nbd7 12. Nh4 Bg6 13. Nxg6 hxg6 14. a5 b5
15. axb6 Qxb6 16. Ra2 Qb4 17. Bh2 Ne4 18. Nxe4 Qxe4 19. Bf3 Qc4 20. b3 Qc3
21. Qe1 Qxe1 22. Rxe1 Kf8 23. Rea1 Nb8 24. Kf1 Bf6 25. Bxd6+ Kg8 26. Re1
Rxe1+ 27. Kxe1 Bc3+ 28. Kf1 Nd7 29. Be2 a5 30. Bb5 Nf6 31. Bxc5 Nxd5 32. Bc6
Rd8 33. Ra4 Nb4 34. g3 Nxc6 35. Rc4 Bb4 36. Bb6 Rd1+ 37. Kg2 Ne5 38. Rc8+
Kh7 39. c3 Rc1 40. Re8 Nc6 41. cxb4 Nxb4 42. Bxa5 Nd3 43. b4 Rb1 44. Rd8 Ne5
45. Rb8 Rb2 46. b5 Nd3 47. Bb6 Rxb5 48. Bc7 Rb2 49. Rxb2 Nxb2 50. Bf4 Nd3
51. Be3 f6 52. h4 g5 53. hxg5 fxg5 54. Bxg5 Kg6 55. Be3 Kf5 56. f4 Nb4 57.
Kf2 Nd5 58. Kf3 g5 59. g4+ Kg6 60. fxg5 Kg7 61. Bf4 Ne7 62. Ke4 Kg6 63. Be5
Nc6 64. Bf4 Nb4 65. Kf3 Nd3 66. Be5 Nxe5+ 67. Kf4 Nd7 68. Kg3 Kxg5 69. Kh3
Ne5 70. Kg2 Nxg4 {Game drawn because neither player has mating material}
1/2-1/2

[Event "ICC Open 2015"]
[Site "Internet Chess Club"]
[Date "2015.05.30"]
[Round "7"]
[White "MoonlightWizard"]
[Black "Garpun"]
[Result "1-0"]
[ICCResult "Black forfeits on time"]
[WhiteElo "2923"]
[BlackElo "2749"]
[Opening "King's Indian: orthodox, 7...Nbd7, 8.Re1"]
[ECO "E95"]
[NIC "KI.11"]
[Time "20:05:18"]
[TimeControl "180+0"]

1. d4 Nf6 2. c4 d6 3. Nc3 Nbd7 4. e4 e5 5. Nf3 g6 6. Be2 Bg7 7. O-O O-O 8.
Re1 c6 9. Bg5 h6 10. Be3 Ng4 11. Bc1 exd4 12. Nxd4 Nxf2 13. Kxf2 Qh4+ 14.
Kf1 Qxh2 15. Nf3 Qg3 16. Be3 Ne5 17. Bf2 Qf4 18. Qd2 Qf6 19. Nxe5 dxe5 20.
Rad1 Be6 21. Kg1 Rad8 22. Qc1 b6 23. c5 b5 24. b4 Qe7 25. a4 a6 26. axb5
axb5 27. Rxd8 Rxd8 28. Rd1 f5 29. Rxd8+ Qxd8 30. Qd1 Qe8 31. Qd6 f4 32. Nb1
g5 33. Be1 g4 34. Bc3 Bc8 35. Nd2 Kh7 36. Bd1 f3 37. gxf3 Qh5 38. fxg4 Qh3
39. Bb2 Bxg4 40. Bxg4 Qxg4+ 41. Kf2 Qd1 42. Qd3 h5 43. Qe2 Qc2 44. Bxe5 Bxe5
45. Qxh5+ Kg8 46. Qe8+ Kh7 47. Qh5+ Kg8 48. Qe8+ Kh7 49. Qd7+ Kg6 50. Qf5+
Kh6 51. Qe6+ Kh7 52. Qf7+ Bg7 53. Qh5+ Kg8 54. Ke2 Qc3 55. Qe8+ Kh7 56. Qh5+
Kg8 57. Qf5 {Black forfeits on time} 1-0

[Event "ICC Open 2015"]
[Site "Internet Chess Club"]
[Date "2015.05.30"]
[Round "7"]
[White "Massarioli"]
[Black "Parsifal"]
[Result "1-0"]
[ICCResult "Black forfeits on time"]
[WhiteElo "2185"]
[BlackElo "2408"]
[Opening "Queen's Indian: Nimzovich variation (exaggerated fianchetto)"]
[ECO "E15"]
[NIC "QI.05"]
[Time "20:05:33"]
[TimeControl "180+0"]

1. d4 Nf6 2. c4 e6 3. Nf3 b6 4. g3 Ba6 5. b3 d5 6. Bg2 Bb4+ 7. Bd2 Bxd2+ 8.
Nbxd2 c6 9. O-O O-O 10. Qc2 Nbd7 11. Rac1 Rc8 12. e4 Qe7 13. Rfe1 Rfd8 14.
Qb1 h6 15. Re3 Qb4 16. Rec3 dxe4 17. Nxe4 Qa3 18. Nxf6+ Nxf6 19. Qc2 c5 20.
Rd1 Bb7 21. dxc5 Qxc5 22. Rcd3 Re8 23. Ne1 Bxg2 24. Nxg2 b5 25. Ne3 a6 26.
Qe2 Qe5 27. Qf3 Kf8 28. Rd6 a5 29. cxb5 Qxb5 30. Kg2 a4 31. bxa4 Qxa4 32.
R1d2 Qa7 33. R6d4 Ra8 34. Ng4 Nd5 35. Ne5 Kg8 36. Ng4 Qb7 37. Ne3 Nxe3+ 38.
fxe3 Qb1 39. a4 Qa1 40. Rd7 Rf8 41. Rf2 f5 42. Qf4 Rxa4 43. Qc7 Qf6 44. Qd6
Re4 45. Qd2 Kh7 46. Qd6 Rf7 47. Qd2 Rxd7 48. Qxd7 Rxe3 49. Qd2 Re4 50. Qd1
Rd4 51. Qf3 Re4 52. h4 Rg4 53. Qd1 {Black forfeits on time} 1-0

[Event "ICC Open 2015"]
[Site "Internet Chess Club"]
[Date "2015.05.30"]
[Round "7"]
[White "Andiamo"]
[Black "HPG1947"]
[Result "0-1"]
[ICCResult "White forfeits on time"]
[WhiteElo "1441"]
[BlackElo "1756"]
[Opening "Sicilian: Najdorf, Byrne (English) attack"]
[ECO "B90"]
[NIC "SI.14"]
[Time "20:07:00"]
[TimeControl "180+0"]

1. e4 c5 2. Nf3 d6 3. d4 cxd4 4. Nxd4 Nf6 5. Nc3 a6 6. Be3 e5 7. Nb3 Be6 8.
f3 Nbd7 9. Qd2 Qc7 10. O-O-O O-O-O 11. Nd5 Nxd5 12. exd5 Bf5 13. Qf2 Kb8 14.
Kb1 Rc8 15. Rc1 h5 16. Bd3 g6 17. Bxf5 gxf5 18. c4 f4 19. Bd2 Qd8 20. Ba5
Qf6 21. Rc3 Qg6+ 22. Ka1 f5 23. Rhc1 Rg8 24. c5 Nxc5 25. Nxc5 dxc5 26. Bb6
Qxb6 27. a3 Qg6 28. b4 Qxg2 29. Qh4 e4 30. bxc5 Bg7 31. c6 Qd2 32. cxb7
Qxc1+ 33. Ka2 Rxc3 {White forfeits on time} 0-1